Penguins vs Firebirds

Created - April 22, 2025 at 19:57

Goals
1 2 3 T
Penguins 0 2 1 3
Firebirds 2 0 3 5
Shots
1 2 3 T
Penguins 13 14 14 41
Firebirds 19 9 14 42

1st period

1. Firebirds , Tanner Richard 15 (Thomas Spelling 41) at 14:57
2. Firebirds , Eric Robinson 31 (Wade Allison 23, Pierre-Luc Dubois 42) at 19:05

Penalties :
Thomas Spelling (Coa) for Roughing (Minor) at 7:14

2nd period

3. Penguins , Evan Rodrigues 25 (Philipp Kurashev 37, Marc Del Gaizo 30) at 0:33
4. Penguins , Evan Rodrigues 26 (Philipp Kurashev 38, Matthew Finn 25) at 0:41

Penalties :
No Penalty

3rd period

5. Penguins , Denis Malgin 36 (Evan Rodrigues 36, Dakota Mermis 48) at 5:05 (SH)
6. Firebirds , Tanner Richard 16 (Hayden Hodgson 37, Thomas Spelling 42) at 5:21 (PP)
7. Firebirds , Eric Robinson 32 (Pierre-Luc Dubois 43, Jakub Zboril 33) at 7:09
8. Firebirds , Eric Robinson 33 (Pierre-Luc Dubois 44, Garret Pilon 21) at 11:07

Penalties :
Noah Dobson (Wil) for Tripping (Minor) at 4:44, Iven Barbashev (Wil) for Unsportsmanlike conduct (Minor) at 7:31, Bowen Byram (Wil) for High sticking (Minor) at 16:00, Jakub Zboril (Coa) for Holding (Minor) at 19:13

Goalie Stats

Ivan Fedotov (Wil), 37 saves from 42 shots - (0.881), L, 30-23-4, 60:00 minutes
Magnus Hellberg (Coa), 38 saves from 41 shots - (0.927), W, 11-6-4, 60:00 minutes

Players Stats for Penguins

Player Name              G  A  P  +/- PIM S  H  SB GA TA FO     MP     PP MP  PK MP  
------------------------------------------------------------------------------------
                         0  0  0   0  0   0  0  0  0  0  0/0     0:00   0:00   0:00 
                         0  0  0   0  0   0  0  0  0  0  0/0     0:00   0:00   0:00 
                         0  0  0   0  0   0  0  0  0  0  0/0     0:00   0:00   0:00 
                         0  0  0   0  0   0  0  0  0  0  0/0     0:00   0:00   0:00 
                         0  0  0   0  0   0  0  0  0  0  0/0     0:00   0:00   0:00 
                         0  0  0   0  0   0  0  0  0  0  0/0     0:00   0:00   0:00 
                         0  0  0   0  0   0  0  0  0  0  0/0     0:00   0:00   0:00 
Bowen Byram              0  0  0   0  2   0  0  0  0  0  0/0    11:10   0:00   0:00 
Clayton Keller           0  0  0  -1  0   2  1  1  1  0  1/1    20:15   1:36   0:00 
Dakota Mermis            0  1  1  -1  0   3  2  3  0  0  0/0    26:22   1:37   2:53 
Denis Malgin             1  0  1   0  0   4  1  0  0  0  17/36  22:23   1:36   2:41 
Dmitry Voronkov          0  0  0   0  0   0  1  1  0  0  0/4     8:48   0:00   0:00 
Evan Rodrigues           2  1  3   1  0   8  2  1  0  1  0/1    18:05   1:09   2:45 
Iven Barbashev           0  0  0  -1  2   4  1  0  2  2  1/4    20:39   1:36   0:43 
Jesper Boqvist           0  0  0  -1  0   1  0  1  0  0  0/0    10:56   0:00   0:00 
Jesperi Kotkaniemi       0  0  0  -1  0   0  0  0  0  0  2/5    12:52   0:00   1:34 
John Marino              0  0  0   0  0   1  1  1  0  0  0/0    14:05   1:14   1:42 
Josh Ho-Sang             0  0  0   0  0   0  2  0  0  0  0/1     8:48   0:00   0:00 
Juuso Ikonen             0  0  0   0  0   2  1  0  1  1  0/0     9:19   0:00   0:19 
Marc Del Gaizo           0  1  1   0  0   4  0  2  0  1  0/0    21:53   1:31   0:00 
Matthew Finn             0  1  1  -1  0   2  0  4  1  1  0/0    24:02   0:00   2:53 
Noah Dobson              0  0  0   0  2   3  2  1  0  2  0/0    22:28   1:08   1:42 
Philipp Kurashev         0  2  2   0  0   5  1  0  1  0  11/18  15:47   1:09   0:20 
Sam Kurker               0  0  0   0  0   1  1  0  1  0  0/0    15:46   1:09   0:00 
Sampo Ranta              0  0  0  -1  0   1  0  0  0  1  0/0    11:44   0:00   0:48 

Players Stats for Firebirds

Player Name              G  A  P  +/- PIM S  H  SB GA TA FO     MP     PP MP  PK MP  
------------------------------------------------------------------------------------
Artur Kayumov            0  0  0   0  0   0  0  0  0  0  0/0     0:00   0:00   0:00 
Dylan Coghlan            0  0  0  -1  0   1  1  0  0  0  0/0    24:18   3:11   1:48 
Eric Robinson            3  0  3   2  0   5  0  0  1  1  1/1    16:25   1:46   0:04 
Fredrik Olofsson         0  0  0   0  0   3  2  2  1  0  0/0    12:26   0:00   0:00 
Garret Pilon             0  1  1   0  0   4  0  2  0  0  3/4    12:26   0:00   0:00 
Hayden Hodgson           0  1  1  -1  0   1  1  2  1  0  1/3    21:49   2:49   1:42 
Jacob Middleton          0  0  0   1  0   1  0  1  0  1  0/0    12:12   0:00   0:00 
Jacob Olofsson           0  0  0   0  0   0  0  0  0  0  0/0     0:00   0:00   0:00 
Jakub Zboril             0  1  1   1  2   6  3  3  2  0  0/0    28:18   3:11   1:15 
Jasper Weatherby         0  0  0   0  0   0  1  0  0  0  3/5     8:32   0:00   0:11 
John Ludvig              0  0  0   2  0   0  0  0  0  0  0/0     4:34   0:00   0:00 
Jonah Gadjovich          0  0  0   0  0   1  0  0  1  0  0/0     8:21   0:00   0:00 
Kyle Capobianco          0  0  0   1  0   0  1  2  0  1  0/0    12:45   0:00   0:33 
Maksim Sushko            0  0  0   0  0   0  0  0  0  1  1/1    12:26   0:00   0:00 
Matej Blumel             0  0  0   0  0   0  0  1  1  0  0/0     8:21   0:00   0:00 
Matthew Kiersted         0  0  0  -1  0   3  0  4  0  2  0/0    18:56   1:24   0:57 
Nikita Alexandrov        0  0  0   0  0   0  0  0  0  0  0/0     0:00   0:00   0:00 
Parker Kelly             0  0  0   0  0   0  0  0  0  0  0/0     0:00   0:00   0:00 
Pierre-Luc Dubois        0  3  3   2  0   1  0  0  0  1  3/9    17:20   1:46   0:59 
Sasha Chmelevski         0  0  0   0  0   0  0  0  0  0  0/1     0:38   0:00   0:38 
Stelio Mattheos          0  0  0   0  0   0  0  0  0  0  0/0     0:00   0:00   0:00 
Tanner Richard           2  0  2  -1  0   8  1  0  0  0  22/41  21:48   2:49   1:41 
Thomas Spelling          0  2  2  -1  2   6  0  0  0  0  2/3    20:21   2:49   0:15 
Victor Mete              0  0  0  -1  0   0  1  3  2  0  0/0    18:56   1:24   0:57 
Wade Allison             0  1  1   2  0   2  2  0  0  0  2/2    16:21   1:46   0:00 

3 Stars

1 - Eric Robinson (Coa)
2 - Evan Rodrigues (Wil)
3 - Pierre-Luc Dubois (Coa)

Power Play

Penguins - 0 on 2 Attempt(s) - 0.00%
Firebirds - 1 on 3 Attempt(s) - 33.33%

Penalty Kill

Penguins - 2 on 3 Attempt(s) - 66.67% - Score 1 goal in Penalty Kill
Firebirds - 2 on 2 Attempt(s) - 100.00% - Score 0 goal in Penalty Kill

Team Stat

Penguins - Hits : 16 - Faceoff Wins : 32 - Blocked Shots : 15 - Penalty Minutes : 6
Firebirds - Hits : 13 - Faceoff Wins : 38 - Blocked Shots : 20 - Penalty Minutes : 4

Official

Referees : Peter MacDougall and Kendrick Nicholson
Linesman : Bryan Pancich and Travis Gawryletz

Game Notes

Eric Robinson has scored a Hat Trick!

Finance

Level 1 -- Attendance: 1879 (93.95%) -- Ticket Income $131,530
Level 2 -- Attendance: 955 (95.50%) -- Ticket Income $38,200
Total Attendance: 2834 (94.47%)
Total Ticket Income: $169,730
Other Income: $8,486
Total Income: $178,216

Penguins

5 vs 5 Forward 
   Center                   Left Wing                Right Wing               Time % Phy DF OF 
 1 Denis Malgin             Iven Barbashev           Clayton Keller           40     0   2  3  
 2 Philipp Kurashev         Evan Rodrigues           Sam Kurker               30     0   2  3  
 3 Jesperi Kotkaniemi       Sampo Ranta              Jesper Boqvist           20     0   2  3  
 4 Dmitry Voronkov          Juuso Ikonen             Josh Ho-Sang             10     0   2  3  

5 vs 5 Defense 
   Defense                  Defense                                           Time % Phy DF OF 
 1 Dakota Mermis            Matthew Finn                                      45     1   2  2  
 2 Noah Dobson              Marc Del Gaizo                                    35     1   2  2  
 3 Bowen Byram              John Marino                                       20     1   2  2  
 4 Dakota Mermis            Matthew Finn                                      0      1   2  2  

PowerPlay Forward 
   Center                   Left Wing                Right Wing               Time % Phy DF OF 
 1 Denis Malgin             Iven Barbashev           Clayton Keller           60     0   2  3  
 2 Philipp Kurashev         Evan Rodrigues           Sam Kurker               40     0   2  3  

PowerPlay Defense
   Defense                  Defense                                           Time % Phy DF OF 
 1 Dakota Mermis            Marc Del Gaizo                                    60     0   2  3  
 2 Noah Dobson              John Marino                                       40     0   2  3  

Penalty Kill 4 Players Forward 
   Center                   Wing                     Time % Phy DF OF 
 1 Denis Malgin             Evan Rodrigues           60     1   3  1  
 2 Jesperi Kotkaniemi       Sampo Ranta              40     1   3  1  

Penalty Kill 4 Players Defense
   Defense                  Defense                  Time % Phy DF OF 
 1 Dakota Mermis            Matthew Finn             60     1   3  1  
 2 Noah Dobson              John Marino              40     1   3  1  

Penalty Kill - 3 Players Forward 
   Forward                                           Time % Phy DF OF 
 1 Evan Rodrigues                                    60     1   3  1  
 2 Denis Malgin                                      40     1   3  1  

Penalty Kill - 3 Players Defense
   Defense                  Defense                  Time % Phy DF OF 
 1 Dakota Mermis            Matthew Finn             60     1   3  1  
 2 Noah Dobson              John Marino              40     1   3  1  

4 vs 4 Forward 
   Center                   Wing                     Time % Phy DF OF 
 1 Denis Malgin             Clayton Keller           60     0   2  3  
 2 Philipp Kurashev         Iven Barbashev           40     0   2  3  

4 vs 4 Defense
   Defense                  Defense                  Time % Phy DF OF 
 1 Dakota Mermis            Matthew Finn             60     1   2  2  
 2 Noah Dobson              John Marino              40     1   2  2  

Last Minutes Offensive
   Center                   Left Wing                Right Wing               Defense                  Defense                  
   Denis Malgin             Iven Barbashev           Clayton Keller           Dakota Mermis            Matthew Finn             

Last Minutes Defensive
   Center                   Left Wing                Right Wing               Defense                  Defense                  
   Denis Malgin             Evan Rodrigues           Clayton Keller           Dakota Mermis            John Marino              

Goaltenders
Starting : Ivan Fedotov             
Backup : Spencer Knight           

Extra Forwards
Normal : Clayton Keller, Philipp Kurashev, Jesperi Kotkaniemi - PP : Clayton Keller, Philipp Kurashev - PK : Denis Malgin
Extra Defensemen
Normal : Dakota Mermis, Marc Del Gaizo, Matthew Finn - PP : Dakota Mermis - PK : John Marino, Dakota Mermis
Penalty Shots
Evan Rodrigues, Denis Malgin, Clayton Keller, Jesperi Kotkaniemi, Philipp Kurashev
Custom OT Lines Forwards
Evan Rodrigues, Denis Malgin, Clayton Keller, Iven Barbashev, Philipp Kurashev, Jesper Boqvist, Dmitry Voronkov, Jesperi Kotkaniemi, Josh Ho-Sang, Sampo Ranta
Custom OT Lines Defensemen
Dakota Mermis, John Marino, Noah Dobson, Marc Del Gaizo, Bowen Byram

Scratches
Kevin Stenlund (Healthy), Austin Strand (Healthy), Ryan MacInnis (Healthy), Jeff Malott (Fractured Right Foot Injury), Viktor Loov (Healthy)
Shawn Boudrias (Healthy), Artemi Kniazev (Healthy), Ryan Johnson (Healthy), Matthew Boldy (Right Forearm Injury), Nolan Foote (Healthy)
Valtteri Puustinen (Healthy), Anthony Stolarz (Healthy), Zachary Bouthillier (Healthy)

Firebirds

5 vs 5 Forward 
   Center                   Left Wing                Right Wing               Time % Phy DF OF 
 1 Tanner Richard           Hayden Hodgson           Thomas Spelling          40     1   2  2  
 2 Pierre-Luc Dubois        Eric Robinson            Wade Allison             30     1   2  2  
 3 Garret Pilon             Fredrik Olofsson         Maksim Sushko            20     1   2  2  
 4 Jasper Weatherby         Jonah Gadjovich          Matej Blumel             10     1   2  2  

5 vs 5 Defense 
   Defense                  Defense                                           Time % Phy DF OF 
 1 Jakub Zboril             Dylan Coghlan                                     40     1   2  2  
 2 Victor Mete              Matthew Kiersted                                  30     1   2  2  
 3 Jacob Middleton          Kyle Capobianco                                   20     1   2  2  
 4 John Ludvig              Jakub Zboril                                      10     1   2  2  

PowerPlay Forward 
   Center                   Left Wing                Right Wing               Time % Phy DF OF 
 1 Tanner Richard           Hayden Hodgson           Thomas Spelling          60     1   2  2  
 2 Pierre-Luc Dubois        Eric Robinson            Wade Allison             40     1   2  2  

PowerPlay Defense
   Defense                  Defense                                           Time % Phy DF OF 
 1 Jakub Zboril             Dylan Coghlan                                     60     1   2  2  
 2 Victor Mete              Matthew Kiersted                                  40     1   2  2  

Penalty Kill 4 Players Forward 
   Center                   Wing                     Time % Phy DF OF 
 1 Tanner Richard           Hayden Hodgson           60     1   2  2  
 2 Thomas Spelling          Pierre-Luc Dubois        40     1   2  2  

Penalty Kill 4 Players Defense
   Defense                  Defense                  Time % Phy DF OF 
 1 Jakub Zboril             Dylan Coghlan            60     1   2  2  
 2 Victor Mete              Matthew Kiersted         40     1   2  2  

Penalty Kill - 3 Players Forward 
   Forward                                           Time % Phy DF OF 
 1 Tanner Richard                                    60     1   2  2  
 2 Hayden Hodgson                                    40     1   2  2  

Penalty Kill - 3 Players Defense
   Defense                  Defense                  Time % Phy DF OF 
 1 Jakub Zboril             Dylan Coghlan            60     1   2  2  
 2 Victor Mete              Matthew Kiersted         40     1   2  2  

4 vs 4 Forward 
   Center                   Wing                     Time % Phy DF OF 
 1 Tanner Richard           Hayden Hodgson           60     1   2  2  
 2 Thomas Spelling          Pierre-Luc Dubois        40     1   2  2  

4 vs 4 Defense
   Defense                  Defense                  Time % Phy DF OF 
 1 Jakub Zboril             Dylan Coghlan            60     1   2  2  
 2 Victor Mete              Matthew Kiersted         40     1   2  2  

Last Minutes Offensive
   Center                   Left Wing                Right Wing               Defense                  Defense                  
   Tanner Richard           Eric Robinson            Thomas Spelling          Jakub Zboril             Victor Mete              

Last Minutes Defensive
   Center                   Left Wing                Right Wing               Defense                  Defense                  
   Pierre-Luc Dubois        Hayden Hodgson           Stelio Mattheos          Matthew Kiersted         Dylan Coghlan            

Goaltenders
Starting : Magnus Hellberg          
Backup : Cayden Primeau           

Extra Forwards
Normal : Artur Kayumov, Nikita Alexandrov, Sasha Chmelevski - PP : Artur Kayumov, Nikita Alexandrov - PK : Sasha Chmelevski
Extra Defensemen
Normal : Jacob Middleton, Kyle Capobianco, John Ludvig - PP : Jacob Middleton - PK : Kyle Capobianco, John Ludvig
Penalty Shots
Tanner Richard, Hayden Hodgson, Thomas Spelling, Pierre-Luc Dubois, Eric Robinson
Custom OT Lines Forwards
Tanner Richard, Hayden Hodgson, Thomas Spelling, Pierre-Luc Dubois, Eric Robinson, Fredrik Olofsson, Wade Allison, Garret Pilon, Jonah Gadjovich, Jasper Weatherby
Custom OT Lines Defensemen
Jakub Zboril, Dylan Coghlan, Victor Mete, Matthew Kiersted, Jacob Middleton

Scratches
Mac Hollowell (Healthy), Valentin Nussbaumer (Healthy), Maxence Guenette (Healthy), Bobby Brink (Healthy), Jakub Skarek (Healthy)
Ian Scott (Healthy)

% Time on Ice - Penguins

Lines # - Real PCT - Wanted PCT - Time Play
Normal Forward
1 - 35% - 40% - 18:11
2 - 28% - 30% - 14:45
3 - 21% - 20% - 10:56
4 - 17% - 10% - 8:48
Normal Defense
1 - 42% - 45% - 21:52
2 - 37% - 35% - 19:39
3 - 21% - 20% - 11:09
4 - 0% - 0% - 0:00
PP Forward
1 - 58% - 60% - 1:36
2 - 42% - 40% - 1:09
PP Defense
1 - 59% - 60% - 1:37
2 - 41% - 40% - 1:08
PK Forward
1 - 83% - 60% - 3:47
2 - 17% - 40% - 0:48
PK Defense
1 - 63% - 60% - 2:53
2 - 37% - 40% - 1:42
PK3 Forward
1 - 0% - 60%
2 - 0% - 40%
PK3 Defense
1 - 0% - 60%
2 - 0% - 40%
44 Forward
1 - 0% - 60%
2 - 0% - 40%
44 Defense
1 - 0% - 60%
2 - 0% - 40%
Last Minute Offensive  - 0:00
Last Minute Defensive  - 0:00
Total
Forward - 60:00
Defense - 60:00

% Time on Ice - Firebirds

Lines # - Real PCT - Wanted PCT - Time Play
Normal Forward
1 - 33% - 40% - 17:18
2 - 28% - 30% - 14:35
3 - 24% - 20% - 12:26
4 - 16% - 10% - 8:21
Normal Defense
1 - 37% - 40% - 19:19
2 - 31% - 30% - 16:35
3 - 23% - 20% - 12:12
4 - 9% - 10% - 4:34
PP Forward
1 - 61% - 60% - 2:49
2 - 39% - 40% - 1:46
PP Defense
1 - 69% - 60% - 3:11
2 - 31% - 40% - 1:24
PK Forward
1 - 64% - 60% - 1:46
2 - 36% - 40% - 0:59
PK Defense
1 - 65% - 60% - 1:48
2 - 35% - 40% - 0:57
PK3 Forward
1 - 0% - 60%
2 - 0% - 40%
PK3 Defense
1 - 0% - 60%
2 - 0% - 40%
44 Forward
1 - 0% - 60%
2 - 0% - 40%
44 Defense
1 - 0% - 60%
2 - 0% - 40%
Last Minute Offensive  - 0:00
Last Minute Defensive  - 0:00
Total
Forward - 60:00
Defense - 60:00

Play-by-Play

1st period


0:01 of 1st period - Tanner Richard wins face-off versus Denis Malgin in neutral zone.
1:03 of 1st period - Snap shot by Thomas Spelling.
1:03 of 1st period - Deflect By Tanner Richard.
1:03 of 1st period - Shot Misses the Net.
1:03 of 1st period - Puck is out of play.
1:04 of 1st period - Wade Allison wins face-off versus Evan Rodrigues in Penguins zone.
1:52 of 1st period - Slapshot by Victor Mete.
1:52 of 1st period - Shot Blocked by Dakota Mermis.
1:54 of 1st period - Slapshot by Matthew Kiersted.
1:54 of 1st period - Stopped by Ivan Fedotov with a rebound.
1:56 of 1st period - Wrist shot by Matthew Kiersted.
1:56 of 1st period - Deflect By Juuso Ikonen.
1:56 of 1st period - Stopped by Ivan Fedotov with a rebound.
2:13 of 1st period - Icing by Victor Mete.
2:14 of 1st period - Philipp Kurashev wins face-off versus Jasper Weatherby in Firebirds zone.
2:19 of 1st period - Snap shot by Clayton Keller.
2:19 of 1st period - Stopped by Magnus Hellberg without a rebound.
2:20 of 1st period - Denis Malgin wins face-off versus Pierre-Luc Dubois in Firebirds zone.
2:42 of 1st period - Icing by Marc Del Gaizo.
2:43 of 1st period - Garret Pilon wins face-off versus Philipp Kurashev in Penguins zone.
2:44 of 1st period - Snap shot by Fredrik Olofsson.
2:44 of 1st period - Shot Misses the Net.
3:35 of 1st period - Wrist shot by Thomas Spelling.
3:35 of 1st period - Shot Misses the Net.
3:51 of 1st period - Wrist shot by Jonah Gadjovich.
3:51 of 1st period - Stopped by Ivan Fedotov without a rebound.
3:52 of 1st period - Philipp Kurashev wins face-off versus Jasper Weatherby in Penguins zone.
3:57 of 1st period - Snap shot by Philipp Kurashev.
3:57 of 1st period - Shot Blocked by Matej Blumel.
4:02 of 1st period - Off-side.
4:03 of 1st period - Denis Malgin wins face-off versus Pierre-Luc Dubois in neutral zone.
4:30 of 1st period - Dakota Mermis is hit by Hayden Hodgson and loses puck.
6:03 of 1st period - Snap shot by Tanner Richard.
6:03 of 1st period - Shot Misses the Net.
6:05 of 1st period - Slapshot by Jakub Zboril.
6:05 of 1st period - Stopped by Ivan Fedotov with a rebound.
6:16 of 1st period - Off-side.
6:17 of 1st period - Jesperi Kotkaniemi wins face-off versus Garret Pilon in neutral zone.
6:20 of 1st period - Slapshot by John Marino.
6:20 of 1st period - Stopped by Magnus Hellberg without a rebound.
6:21 of 1st period - Jesperi Kotkaniemi wins face-off versus Tanner Richard in Firebirds zone.
6:26 of 1st period - Snap shot by Jesper Boqvist.
6:26 of 1st period - Stopped by Magnus Hellberg without a rebound.
6:27 of 1st period - Tanner Richard wins face-off versus Denis Malgin in Firebirds zone.
6:33 of 1st period - Off-side.
6:34 of 1st period - Tanner Richard wins face-off versus Denis Malgin in neutral zone.
6:36 of 1st period - Off-side.
6:37 of 1st period - Tanner Richard wins face-off versus Denis Malgin in neutral zone.
6:46 of 1st period - Wrist shot by Thomas Spelling.
6:46 of 1st period - Stopped by Ivan Fedotov with a rebound.
6:48 of 1st period - Wrist shot by Hayden Hodgson.
6:48 of 1st period - Shot Misses the Net.
6:50 of 1st period - Wrist shot by Hayden Hodgson.
6:50 of 1st period - Shot Blocked by Dakota Mermis.
7:02 of 1st period - Slapshot by Dakota Mermis.
7:02 of 1st period - Stopped by Magnus Hellberg with a rebound.
7:04 of 1st period - Slapshot by Dakota Mermis.
7:04 of 1st period - Shot Blocked by Matthew Kiersted.
7:06 of 1st period - Snap shot by Philipp Kurashev.
7:06 of 1st period - Shot Misses the Net.
7:08 of 1st period - Snap shot by Evan Rodrigues.
7:08 of 1st period - Shot Misses the Net.
7:10 of 1st period - Slapshot by Matthew Finn.
7:10 of 1st period - Stopped by Magnus Hellberg without a rebound.
7:11 of 1st period - Tanner Richard wins face-off versus Philipp Kurashev in Firebirds zone.
7:11 of 1st period - Tanner Richard is hit by Evan Rodrigues.
7:14 of 1st period - Minor Penalty to Thomas Spelling for Roughing.
7:15 of 1st period - Tanner Richard wins face-off versus Denis Malgin in Firebirds zone.
7:23 of 1st period - Snap shot by Dakota Mermis.
7:23 of 1st period - Shot Blocked by Jakub Zboril.
7:25 of 1st period - Snap shot by Denis Malgin.
7:25 of 1st period - Stopped by Magnus Hellberg without a rebound.
7:26 of 1st period - Denis Malgin wins face-off versus Tanner Richard in Firebirds zone.
8:56 of 1st period - Icing by Dakota Mermis.
8:57 of 1st period - Tanner Richard wins face-off versus Denis Malgin in Penguins zone.
9:05 of 1st period - Off-side.
9:06 of 1st period - Philipp Kurashev wins face-off versus Sasha Chmelevski in neutral zone.
9:14 of 1st period - Penalty to Thomas Spelling is over, Thomas Spelling is back on ice.
9:19 of 1st period - Snap shot by Evan Rodrigues.
9:19 of 1st period - Shot Misses the Net.
9:21 of 1st period - Snap shot by Philipp Kurashev.
9:21 of 1st period - Shot Misses the Net.
9:54 of 1st period - Slapshot by Dakota Mermis.
9:54 of 1st period - Shot Blocked by Garret Pilon.
9:56 of 1st period - Wrist shot by Dakota Mermis.
9:56 of 1st period - Stopped by Magnus Hellberg without a rebound.
9:57 of 1st period - Maksim Sushko wins face-off versus Josh Ho-Sang in Firebirds zone.
9:57 of 1st period - Maksim Sushko is hit by Dmitry Voronkov.
10:23 of 1st period - Fredrik Olofsson is hit by Juuso Ikonen and loses puck.
10:40 of 1st period - Slapshot by Dakota Mermis.
10:40 of 1st period - Shot Misses the Net.
10:42 of 1st period - Slapshot by Dakota Mermis.
10:42 of 1st period - Shot Hit the Post.
10:44 of 1st period - Snap shot by Dakota Mermis.
10:44 of 1st period - Shot Blocked by Garret Pilon.
10:46 of 1st period - Wrist shot by Matthew Finn.
10:46 of 1st period - Stopped by Magnus Hellberg with a rebound.
11:30 of 1st period - Slapshot by Fredrik Olofsson.
11:30 of 1st period - Shot Blocked by Dmitry Voronkov.
11:32 of 1st period - Backhand shot by Jakub Zboril.
11:32 of 1st period - Stopped by Ivan Fedotov without a rebound.
11:33 of 1st period - Denis Malgin wins face-off versus Tanner Richard in Penguins zone.
11:42 of 1st period - Snap shot by Iven Barbashev.
11:42 of 1st period - Stopped by Magnus Hellberg with a rebound.
11:44 of 1st period - Slapshot by Marc Del Gaizo.
11:44 of 1st period - Stopped by Magnus Hellberg with a rebound.
11:46 of 1st period - Slapshot by Noah Dobson.
11:46 of 1st period - Stopped by Magnus Hellberg with a rebound.
11:48 of 1st period - Slapshot by Noah Dobson.
11:48 of 1st period - Stopped by Magnus Hellberg without a rebound.
11:49 of 1st period - Pierre-Luc Dubois wins face-off versus Philipp Kurashev in Firebirds zone.
12:18 of 1st period - Wrist shot by Tanner Richard.
12:18 of 1st period - Stopped by Ivan Fedotov without a rebound.
12:19 of 1st period - Denis Malgin wins face-off versus Tanner Richard in Penguins zone.
12:34 of 1st period - Snap shot by Tanner Richard.
12:34 of 1st period - Shot Misses the Net.
13:14 of 1st period - Slapshot by Matthew Kiersted.
13:14 of 1st period - Stopped by Ivan Fedotov without a rebound.
13:15 of 1st period - Tanner Richard wins face-off versus Philipp Kurashev in Penguins zone.
13:16 of 1st period - Backhand shot by Hayden Hodgson.
13:16 of 1st period - Stopped by Ivan Fedotov with a rebound.
13:18 of 1st period - Wrist shot by Jakub Zboril.
13:18 of 1st period - Stopped by Ivan Fedotov without a rebound.
13:19 of 1st period - Philipp Kurashev wins face-off versus Tanner Richard in Penguins zone.
13:19 of 1st period - Philipp Kurashev is hit by Jakub Zboril.
14:33 of 1st period - Snap shot by Garret Pilon.
14:33 of 1st period - Stopped by Ivan Fedotov with a rebound.
14:47 of 1st period - Snap shot by Iven Barbashev.
14:47 of 1st period - Stopped by Magnus Hellberg with a rebound.
14:57 of 1st period - Snap shot by Tanner Richard.
14:57 of 1st period - Goal by Tanner Richard - Penguins : 0 - Firebirds : 1.
14:58 of 1st period - Denis Malgin wins face-off versus Tanner Richard in neutral zone.
15:10 of 1st period - Slapshot by Iven Barbashev.
15:10 of 1st period - Shot Blocked by Jakub Zboril.
15:12 of 1st period - Backhand shot by Marc Del Gaizo.
15:12 of 1st period - Shot Blocked by Hayden Hodgson.
15:14 of 1st period - Snap shot by Iven Barbashev.
15:14 of 1st period - Shot Blocked by Hayden Hodgson.
15:34 of 1st period - Off-side.
15:35 of 1st period - Tanner Richard wins face-off versus Denis Malgin in neutral zone.
15:40 of 1st period - Snap shot by Thomas Spelling.
15:40 of 1st period - Stopped by Ivan Fedotov without a rebound.
15:41 of 1st period - Tanner Richard wins face-off versus Iven Barbashev in Penguins zone.
15:44 of 1st period - Snap shot by Tanner Richard.
15:44 of 1st period - Shot Misses the Net.
15:46 of 1st period - Slapshot by Victor Mete.
15:46 of 1st period - Deflect By Tanner Richard.
15:46 of 1st period - Stopped by Ivan Fedotov without a rebound.
15:47 of 1st period - Tanner Richard wins face-off versus Denis Malgin in Penguins zone.
16:50 of 1st period - Wrist shot by Thomas Spelling.
16:50 of 1st period - Stopped by Ivan Fedotov without a rebound.
16:51 of 1st period - Denis Malgin wins face-off versus Pierre-Luc Dubois in Penguins zone.
17:39 of 1st period - Matej Blumel is hit by John Marino and loses puck.
18:27 of 1st period - Snap shot by Sampo Ranta.
18:27 of 1st period - Deflect By Jesper Boqvist.
18:27 of 1st period - Shot Misses the Net.
18:27 of 1st period - Puck is out of play.
18:28 of 1st period - Jasper Weatherby wins face-off versus Jesperi Kotkaniemi in Firebirds zone.
19:05 of 1st period - Wrist shot by Eric Robinson.
19:05 of 1st period - Goal by Eric Robinson - Penguins : 0 - Firebirds : 2.
19:06 of 1st period - Tanner Richard wins face-off versus Denis Malgin in neutral zone.
19:13 of 1st period - Snap shot by Hayden Hodgson.
19:13 of 1st period - Shot Blocked by Noah Dobson.
19:15 of 1st period - Backhand shot by Thomas Spelling.
19:15 of 1st period - Shot Misses the Net.
19:17 of 1st period - Slapshot by Hayden Hodgson.
19:17 of 1st period - Shot Blocked by Marc Del Gaizo.
19:19 of 1st period - Slapshot by Thomas Spelling.
19:19 of 1st period - Stopped by Ivan Fedotov with a rebound.
19:21 of 1st period - Slapshot by Dylan Coghlan.
19:21 of 1st period - Shot Misses the Net.
19:31 of 1st period - Noah Dobson is hit by Fredrik Olofsson and loses puck.
19:38 of 1st period - Snap shot by Fredrik Olofsson.
19:38 of 1st period - Stopped by Ivan Fedotov without a rebound.
19:39 of 1st period - Wade Allison wins face-off versus Philipp Kurashev in Penguins zone.
19:44 of 1st period - Wrist shot by Wade Allison.
19:44 of 1st period - Shot Misses the Net.
19:46 of 1st period - Wrist shot by Wade Allison.
19:46 of 1st period - Deflect By Sam Kurker.
19:46 of 1st period - Stopped by Ivan Fedotov without a rebound.
19:47 of 1st period - Pierre-Luc Dubois wins face-off versus Philipp Kurashev in Penguins zone.
19:54 of 1st period - Snap shot by Wade Allison.
19:54 of 1st period - Shot Blocked by Evan Rodrigues.
19:56 of 1st period - Wrist shot by Pierre-Luc Dubois.
19:56 of 1st period - Shot Misses the Net.
19:58 of 1st period - Wrist shot by Pierre-Luc Dubois.
19:58 of 1st period - Deflect By Evan Rodrigues.
19:58 of 1st period - Shot Blocked by Dakota Mermis.
19:58 of 1st period - Puck is out of play.
19:59 of 1st period - Denis Malgin wins face-off versus Tanner Richard in Penguins zone.
19:59 of 1st period - Denis Malgin is hit by Tanner Richard.
Goals for this period are 0 for Penguins vs 2 for Firebirds.
Shots for this period are 13 for Penguins vs 19 for Firebirds.

2nd period


0:01 of 2nd period - Tanner Richard wins face-off versus Denis Malgin in neutral zone.
0:33 of 2nd period - Wrist shot by Evan Rodrigues.
0:33 of 2nd period - Goal by Evan Rodrigues - Penguins : 1 - Firebirds : 2.
0:34 of 2nd period - Philipp Kurashev wins face-off versus Tanner Richard in neutral zone.
0:41 of 2nd period - Wrist shot by Evan Rodrigues.
0:41 of 2nd period - Goal by Evan Rodrigues - Penguins : 2 - Firebirds : 2.
0:42 of 2nd period - Philipp Kurashev wins face-off versus Tanner Richard in neutral zone.
1:09 of 2nd period - Pierre-Luc Dubois is hit by Denis Malgin and loses puck.
1:18 of 2nd period - Snap shot by Iven Barbashev.
1:18 of 2nd period - Shot Blocked by Matthew Kiersted.
1:40 of 2nd period - Slapshot by Juuso Ikonen.
1:40 of 2nd period - Shot Blocked by Victor Mete.
1:52 of 2nd period - Slapshot by Evan Rodrigues.
1:52 of 2nd period - Shot Misses the Net.
1:56 of 2nd period - Snap shot by Evan Rodrigues.
1:56 of 2nd period - Shot Misses the Net.
1:58 of 2nd period - Wrist shot by Evan Rodrigues.
1:58 of 2nd period - Shot Misses the Net.
2:00 of 2nd period - Wrist shot by Sam Kurker.
2:00 of 2nd period - Shot Misses the Net.
2:31 of 2nd period - Off-side.
2:32 of 2nd period - Denis Malgin wins face-off versus Pierre-Luc Dubois in neutral zone.
2:39 of 2nd period - Slapshot by Jakub Zboril.
2:39 of 2nd period - Shot Blocked by Matthew Finn.
2:41 of 2nd period - Snap shot by Eric Robinson.
2:41 of 2nd period - Shot Misses the Net.
3:46 of 2nd period - Slapshot by Jakub Zboril.
3:46 of 2nd period - Shot Blocked by John Marino.
3:48 of 2nd period - Slapshot by Matej Blumel.
3:48 of 2nd period - Shot Misses the Net.
4:24 of 2nd period - Wrist shot by Evan Rodrigues.
4:24 of 2nd period - Stopped by Magnus Hellberg without a rebound.
4:25 of 2nd period - Philipp Kurashev wins face-off versus Tanner Richard in Firebirds zone.
4:32 of 2nd period - Wrist shot by Tanner Richard.
4:32 of 2nd period - Stopped by Ivan Fedotov without a rebound.
4:33 of 2nd period - Tanner Richard wins face-off versus Denis Malgin in Penguins zone.
4:38 of 2nd period - Snap shot by Hayden Hodgson.
4:38 of 2nd period - Shot Misses the Net.
4:40 of 2nd period - Backhand shot by Tanner Richard.
4:40 of 2nd period - Stopped by Ivan Fedotov with a rebound.
4:42 of 2nd period - Snap shot by Tanner Richard.
4:42 of 2nd period - Shot Misses the Net.
4:44 of 2nd period - Snap shot by Tanner Richard.
4:44 of 2nd period - Shot Blocked by Matthew Finn.
4:46 of 2nd period - Wrist shot by Thomas Spelling.
4:46 of 2nd period - Shot Misses the Net.
4:48 of 2nd period - Snap shot by Tanner Richard.
4:48 of 2nd period - Shot Blocked by Matthew Finn.
5:02 of 2nd period - Snap shot by Evan Rodrigues.
5:02 of 2nd period - Stopped by Magnus Hellberg with a rebound.
5:20 of 2nd period - Snap shot by Garret Pilon.
5:20 of 2nd period - Shot Misses the Net.
5:48 of 2nd period - Matej Blumel is hit by Josh Ho-Sang and loses puck.
5:59 of 2nd period - Slapshot by Iven Barbashev.
5:59 of 2nd period - Shot Misses the Net.
6:28 of 2nd period - Snap shot by Evan Rodrigues.
6:28 of 2nd period - Stopped by Magnus Hellberg without a rebound.
6:29 of 2nd period - Philipp Kurashev wins face-off versus Hayden Hodgson in Firebirds zone.
6:38 of 2nd period - Snap shot by Evan Rodrigues.
6:38 of 2nd period - Shot Blocked by Jakub Zboril.
7:17 of 2nd period - Wrist shot by Fredrik Olofsson.
7:17 of 2nd period - Stopped by Ivan Fedotov without a rebound.
7:18 of 2nd period - Garret Pilon wins face-off versus Jesperi Kotkaniemi in Penguins zone.
7:19 of 2nd period - Wrist shot by Fredrik Olofsson.
7:19 of 2nd period - Shot Misses the Net.
7:21 of 2nd period - Slapshot by Jacob Middleton.
7:21 of 2nd period - Stopped by Ivan Fedotov with a rebound.
8:04 of 2nd period - Snap shot by Garret Pilon.
8:04 of 2nd period - Stopped by Ivan Fedotov with a rebound.
8:28 of 2nd period - Snap shot by Garret Pilon.
8:28 of 2nd period - Stopped by Ivan Fedotov with a rebound.
8:44 of 2nd period - Wrist shot by Jesper Boqvist.
8:44 of 2nd period - Shot Blocked by Fredrik Olofsson.
8:46 of 2nd period - Slapshot by Noah Dobson.
8:46 of 2nd period - Shot Blocked by Kyle Capobianco.
8:48 of 2nd period - Snap shot by Marc Del Gaizo.
8:48 of 2nd period - Stopped by Magnus Hellberg with a rebound.
8:50 of 2nd period - Slapshot by Noah Dobson.
8:50 of 2nd period - Shot Blocked by Jacob Middleton.
8:52 of 2nd period - Slapshot by Marc Del Gaizo.
8:52 of 2nd period - Deflect By Jacob Middleton.
8:52 of 2nd period - Stopped by Magnus Hellberg with a rebound.
8:56 of 2nd period - Backhand shot by Jesperi Kotkaniemi.
8:56 of 2nd period - Shot Misses the Net.
9:10 of 2nd period - Snap shot by Jesper Boqvist.
9:10 of 2nd period - Shot Blocked by Kyle Capobianco.
9:20 of 2nd period - Wrist shot by Sampo Ranta.
9:20 of 2nd period - Stopped by Magnus Hellberg with a rebound.
9:22 of 2nd period - Snap shot by Sampo Ranta.
9:22 of 2nd period - Shot Blocked by Fredrik Olofsson.
9:24 of 2nd period - Slapshot by Marc Del Gaizo.
9:24 of 2nd period - Shot Misses the Net.
9:26 of 2nd period - Slapshot by Noah Dobson.
9:26 of 2nd period - Stopped by Magnus Hellberg without a rebound.
9:27 of 2nd period - Denis Malgin wins face-off versus Hayden Hodgson in Firebirds zone.
9:53 of 2nd period - Iven Barbashev is hit by Dylan Coghlan and loses puck.
10:25 of 2nd period - Snap shot by Evan Rodrigues.
10:25 of 2nd period - Stopped by Magnus Hellberg with a rebound.
10:27 of 2nd period - Slapshot by Sam Kurker.
10:27 of 2nd period - Stopped by Magnus Hellberg with a rebound.
12:34 of 2nd period - Icing by John Marino.
12:35 of 2nd period - Jasper Weatherby wins face-off versus Dmitry Voronkov in Penguins zone.
12:53 of 2nd period - Hayden Hodgson is hit by Evan Rodrigues.
14:09 of 2nd period - Jakub Zboril is hit by Sam Kurker and loses puck.
15:39 of 2nd period - Jonah Gadjovich is hit by Philipp Kurashev and loses puck.
16:19 of 2nd period - Clayton Keller is hit by Fredrik Olofsson and loses puck.
16:24 of 2nd period - Wrist shot by Fredrik Olofsson.
16:24 of 2nd period - Stopped by Ivan Fedotov without a rebound.
16:25 of 2nd period - Philipp Kurashev wins face-off versus Tanner Richard in Penguins zone.
16:36 of 2nd period - Wrist shot by Evan Rodrigues.
16:36 of 2nd period - Stopped by Magnus Hellberg with a rebound.
16:52 of 2nd period - Pierre-Luc Dubois is hit by Noah Dobson and loses puck.
18:01 of 2nd period - Wrist shot by Evan Rodrigues.
18:01 of 2nd period - Shot Misses the Net.
18:32 of 2nd period - Wrist shot by Fredrik Olofsson.
18:32 of 2nd period - Shot Misses the Net.
18:34 of 2nd period - Slapshot by Garret Pilon.
18:34 of 2nd period - Shot Misses the Net.
18:54 of 2nd period - Snap shot by Josh Ho-Sang.
18:54 of 2nd period - Deflect By Juuso Ikonen.
18:54 of 2nd period - Stopped by Magnus Hellberg without a rebound.
18:55 of 2nd period - Jasper Weatherby wins face-off versus Dmitry Voronkov in Firebirds zone.
19:00 of 2nd period - Snap shot by Marc Del Gaizo.
19:00 of 2nd period - Deflect By Josh Ho-Sang.
19:00 of 2nd period - Shot Blocked by Victor Mete.
19:00 of 2nd period - Puck is out of play.
19:01 of 2nd period - Denis Malgin wins face-off versus Tanner Richard in Firebirds zone.
19:04 of 2nd period - Wrist shot by Clayton Keller.
19:04 of 2nd period - Stopped by Magnus Hellberg with a rebound.
19:06 of 2nd period - Wrist shot by Clayton Keller.
19:06 of 2nd period - Deflect By Iven Barbashev.
19:06 of 2nd period - Shot Misses the Net.
19:06 of 2nd period - Puck is out of play.
19:07 of 2nd period - Denis Malgin wins face-off versus Tanner Richard in Firebirds zone.
19:43 of 2nd period - Wrist shot by Wade Allison.
19:43 of 2nd period - Deflect By Eric Robinson.
19:43 of 2nd period - Stopped by Ivan Fedotov with a rebound.
19:45 of 2nd period - Slapshot by Dylan Coghlan.
19:45 of 2nd period - Stopped by Ivan Fedotov with a rebound.
Goals for this period are 2 for Penguins vs 0 for Firebirds.
Shots for this period are 14 for Penguins vs 9 for Firebirds.

3rd period


0:01 of 3rd period - Denis Malgin wins face-off versus Tanner Richard in neutral zone.
0:29 of 3rd period - Icing by Jakub Zboril.
0:30 of 3rd period - Philipp Kurashev wins face-off versus Pierre-Luc Dubois in Firebirds zone.
0:43 of 3rd period - Snap shot by Philipp Kurashev.
0:43 of 3rd period - Stopped by Magnus Hellberg with a rebound.
0:55 of 3rd period - Snap shot by Sam Kurker.
0:55 of 3rd period - Shot Hit the Post.
0:57 of 3rd period - Wrist shot by Evan Rodrigues.
0:57 of 3rd period - Stopped by Magnus Hellberg with a rebound.
0:59 of 3rd period - Slapshot by Philipp Kurashev.
0:59 of 3rd period - Stopped by Magnus Hellberg with a rebound.
1:01 of 3rd period - Snap shot by Noah Dobson.
1:01 of 3rd period - Deflect By Philipp Kurashev.
1:01 of 3rd period - Stopped by Magnus Hellberg without a rebound.
1:02 of 3rd period - Iven Barbashev wins face-off versus Thomas Spelling in Firebirds zone.
1:03 of 3rd period - Snap shot by Denis Malgin.
1:03 of 3rd period - Deflect By Iven Barbashev.
1:03 of 3rd period - Stopped by Magnus Hellberg without a rebound.
1:04 of 3rd period - Tanner Richard wins face-off versus Denis Malgin in Firebirds zone.
1:04 of 3rd period - Tanner Richard is hit by Iven Barbashev.
1:32 of 3rd period - Wade Allison is hit by Dakota Mermis and loses puck.
1:39 of 3rd period - Snap shot by Evan Rodrigues.
1:39 of 3rd period - Shot Blocked by Matthew Kiersted.
1:43 of 3rd period - Slapshot by Philipp Kurashev.
1:43 of 3rd period - Stopped by Magnus Hellberg with a rebound.
1:59 of 3rd period - Wrist shot by Garret Pilon.
1:59 of 3rd period - Shot Blocked by Jesper Boqvist.
2:01 of 3rd period - Slapshot by Matthew Kiersted.
2:01 of 3rd period - Shot Misses the Net.
2:03 of 3rd period - Snap shot by Garret Pilon.
2:03 of 3rd period - Deflect By Noah Dobson.
2:03 of 3rd period - Stopped by Ivan Fedotov without a rebound.
2:04 of 3rd period - Denis Malgin wins face-off versus Tanner Richard in Penguins zone.
2:29 of 3rd period - Noah Dobson is hit by Wade Allison.
2:39 of 3rd period - Wrist shot by Philipp Kurashev.
2:39 of 3rd period - Stopped by Magnus Hellberg with a rebound.
3:18 of 3rd period - Snap shot by Matej Blumel.
3:18 of 3rd period - Shot Misses the Net.
3:31 of 3rd period - Off-side.
3:32 of 3rd period - Thomas Spelling wins face-off versus Dmitry Voronkov in neutral zone.
3:41 of 3rd period - Backhand shot by Juuso Ikonen.
3:41 of 3rd period - Stopped by Magnus Hellberg with a rebound.
3:43 of 3rd period - Slapshot by Noah Dobson.
3:43 of 3rd period - Shot Misses the Net.
3:45 of 3rd period - Backhand shot by Noah Dobson.
3:45 of 3rd period - Shot Blocked by Matthew Kiersted.
3:47 of 3rd period - Slapshot by Marc Del Gaizo.
3:47 of 3rd period - Stopped by Magnus Hellberg without a rebound.
3:48 of 3rd period - Eric Robinson wins face-off versus Denis Malgin in Firebirds zone.
4:22 of 3rd period - Slapshot by Hayden Hodgson.
4:22 of 3rd period - Deflect By Thomas Spelling.
4:22 of 3rd period - Stopped by Ivan Fedotov without a rebound.
4:23 of 3rd period - Pierre-Luc Dubois wins face-off versus Iven Barbashev in Penguins zone.
4:34 of 3rd period - Slapshot by Wade Allison.
4:34 of 3rd period - Stopped by Ivan Fedotov with a rebound.
4:36 of 3rd period - Slapshot by Jakub Zboril.
4:36 of 3rd period - Shot Blocked by Marc Del Gaizo.
4:38 of 3rd period - Slapshot by Jakub Zboril.
4:38 of 3rd period - Stopped by Ivan Fedotov with a rebound.
4:44 of 3rd period - Minor Penalty to Noah Dobson for Tripping.
4:45 of 3rd period - Tanner Richard wins face-off versus Denis Malgin in Penguins zone.
4:50 of 3rd period - Wrist shot by Thomas Spelling.
4:50 of 3rd period - Stopped by Ivan Fedotov without a rebound.
4:51 of 3rd period - Denis Malgin wins face-off versus Tanner Richard in Penguins zone.
4:51 of 3rd period - Denis Malgin is hit by Jakub Zboril.
4:59 of 3rd period - Snap shot by Evan Rodrigues.
4:59 of 3rd period - Shot Misses the Net.
5:01 of 3rd period - Wrist shot by Denis Malgin.
5:01 of 3rd period - Stopped by Magnus Hellberg with a rebound.
5:03 of 3rd period - Wrist shot by Denis Malgin.
5:03 of 3rd period - Deflect By Thomas Spelling.
5:03 of 3rd period - Stopped by Magnus Hellberg with a rebound.
5:05 of 3rd period - Wrist shot by Denis Malgin.
5:05 of 3rd period - Goal by Denis Malgin - Penguins : 3 - Firebirds : 2.
5:06 of 3rd period - Hayden Hodgson wins face-off versus Denis Malgin in neutral zone.
5:09 of 3rd period - Slapshot by Jakub Zboril.
5:09 of 3rd period - Stopped by Ivan Fedotov with a rebound.
5:11 of 3rd period - Slapshot by Jakub Zboril.
5:11 of 3rd period - Deflect By Tanner Richard.
5:11 of 3rd period - Shot Misses the Net.
5:11 of 3rd period - Puck is out of play.
5:12 of 3rd period - Tanner Richard wins face-off versus Denis Malgin in Penguins zone.
5:21 of 3rd period - Snap shot by Tanner Richard.
5:21 of 3rd period - Goal by Tanner Richard - Penguins : 3 - Firebirds : 3.
5:22 of 3rd period - Tanner Richard wins face-off versus Denis Malgin in neutral zone.
5:49 of 3rd period - Sam Kurker is hit by Wade Allison and loses puck.
5:54 of 3rd period - Snap shot by Pierre-Luc Dubois.
5:54 of 3rd period - Stopped by Ivan Fedotov with a rebound.
6:20 of 3rd period - Wrist shot by Jesperi Kotkaniemi.
6:20 of 3rd period - Shot Blocked by Victor Mete.
6:40 of 3rd period - Off-side.
6:41 of 3rd period - Clayton Keller wins face-off versus Tanner Richard in neutral zone.
6:46 of 3rd period - Slapshot by Iven Barbashev.
6:46 of 3rd period - Stopped by Magnus Hellberg with a rebound.
6:54 of 3rd period - Slapshot by Thomas Spelling.
6:54 of 3rd period - Shot Misses the Net.
6:56 of 3rd period - Slapshot by Jakub Zboril.
6:56 of 3rd period - Deflect By Hayden Hodgson.
6:56 of 3rd period - Shot Misses the Net.
6:56 of 3rd period - Puck is out of play.
6:57 of 3rd period - Philipp Kurashev wins face-off versus Pierre-Luc Dubois in Penguins zone.
7:07 of 3rd period - Snap shot by Eric Robinson.
7:07 of 3rd period - Stopped by Ivan Fedotov with a rebound.
7:09 of 3rd period - Snap shot by Eric Robinson.
7:09 of 3rd period - Goal by Eric Robinson - Penguins : 3 - Firebirds : 4.
7:10 of 3rd period - Tanner Richard wins face-off versus Denis Malgin in neutral zone.
7:13 of 3rd period - Backhand shot by Jakub Zboril.
7:13 of 3rd period - Shot Hit the Post.
7:15 of 3rd period - Slapshot by Jakub Zboril.
7:15 of 3rd period - Stopped by Ivan Fedotov with a rebound.
7:17 of 3rd period - Wrist shot by Hayden Hodgson.
7:17 of 3rd period - Deflect By Tanner Richard.
7:17 of 3rd period - Stopped by Ivan Fedotov with a rebound.
7:19 of 3rd period - Snap shot by Tanner Richard.
7:19 of 3rd period - Shot Hit the Post.
7:21 of 3rd period - Slapshot by Jakub Zboril.
7:21 of 3rd period - Shot Blocked by Matthew Finn.
7:31 of 3rd period - Minor Penalty to Iven Barbashev for Unsportsmanlike conduct.
7:32 of 3rd period - Thomas Spelling wins face-off versus Denis Malgin in Penguins zone.
8:11 of 3rd period - Off-side.
8:12 of 3rd period - Tanner Richard wins face-off versus Jesperi Kotkaniemi in neutral zone.
9:31 of 3rd period - Penalty to Iven Barbashev is over, Iven Barbashev is back on ice.
9:37 of 3rd period - Maksim Sushko is hit by Dakota Mermis and loses puck.
10:55 of 3rd period - Slapshot by Dakota Mermis.
10:55 of 3rd period - Stopped by Magnus Hellberg with a rebound.
11:07 of 3rd period - Slapshot by Eric Robinson.
11:07 of 3rd period - Goal by Eric Robinson - Penguins : 3 - Firebirds : 5.
11:08 of 3rd period - Denis Malgin wins face-off versus Tanner Richard in neutral zone.
12:30 of 3rd period - Snap shot by Jakub Zboril.
12:30 of 3rd period - Shot Blocked by Clayton Keller.
13:14 of 3rd period - Marc Del Gaizo is hit by Jakub Zboril and loses puck.
13:47 of 3rd period - Denis Malgin is hit by Victor Mete and loses puck.
14:03 of 3rd period - Icing by Victor Mete.
14:04 of 3rd period - Tanner Richard wins face-off versus Dmitry Voronkov in Firebirds zone.
14:04 of 3rd period - Tanner Richard is hit by Josh Ho-Sang.
14:45 of 3rd period - Pierre-Luc Dubois is hit by Clayton Keller and loses puck.
14:57 of 3rd period - Off-side.
14:58 of 3rd period - Garret Pilon wins face-off versus Philipp Kurashev in neutral zone.
15:23 of 3rd period - Snap shot by Tanner Richard.
15:23 of 3rd period - Stopped by Ivan Fedotov with a rebound.
16:00 of 3rd period - Minor Penalty to Bowen Byram for High sticking.
16:01 of 3rd period - Denis Malgin wins face-off versus Tanner Richard in Penguins zone.
16:47 of 3rd period - Thomas Spelling is hit by Noah Dobson and loses puck.
18:00 of 3rd period - Penalty to Bowen Byram is over, Bowen Byram is back on ice.
18:13 of 3rd period - Noah Dobson is hit by Jasper Weatherby and loses puck.
18:38 of 3rd period - Noah Dobson is hit by Kyle Capobianco and loses puck.
19:13 of 3rd period - Minor Penalty to Jakub Zboril for Holding.
19:14 of 3rd period - Tanner Richard wins face-off versus Iven Barbashev in Firebirds zone.
Goals for this period are 1 for Penguins vs 3 for Firebirds.
Shots for this period are 14 for Penguins vs 14 for Firebirds. Output by the SimonT Hockey Simulator (STHS) for Francois Prevost - Original Page W3C HTML5 Valid
Hockey Simulator - Hockey Simulation - Hockey Manager